 Dungeon Crawl Stone Soup version 0.30-a0-800-g7c544603b3 (webtiles) character file.

Game seed: 17751250405639220801

97 cforsyth the Sneak (level 5, -1/32 HPs)
             Began as a Kobold Brigand on Feb 21, 2023.
             Slain by an orc priest
             ... wielding a +0 mace
              (6 damage)
             ... on level 3 of the Dungeon.
             The game lasted 00:02:57 (2276 turns).

cforsyth the Sneak (Kobold Brigand)                 Turns: 2276, Time: 00:02:58

Health: -1/32      AC:  3    Str:  8    XL:     5   Next: 0%
Magic:  5/5        EV: 15    Int: 13    God:
Gold:   67         SH:  0    Dex: 18    Spells: 4/4 levels left

rFire   + . .      SeeInvis .    a - +2 dagger
rCold   . . .      Faith    .    (no shield)
rNeg    . . .      Spirit   .    b - +0 robe
rPois   .          Reflect  .    (no helmet)
rElec   .          Harm     .    c - +0 cloak
rCorr   .          Rampage  .    (no gloves)
Will    .....                    (no boots)
Stlth   ++++                     t - amulet of the acrobat
HPRegen 0.25/turn                r - ring of protection from fire
MPRegen 0.09/turn                (no ring)

@: mighty, brilliant
A: small, no large weapons, nightstalker 3
a: no special abilities


You were on level 3 of the Dungeon.
You visited 1 branch of the dungeon, and saw 3 of its levels.

You collected 67 gold pieces.

Inventory:

Hand Weapons
 a - a +2 dagger (weapon)
Missiles
 d - 9 poisoned darts (quivered)
 e - 3 curare-tipped darts
 p - 2 throwing nets
Armour
 b - a +0 robe (worn)
 c - a +0 cloak (worn)
Jewellery
 r - a ring of protection from fire (left hand)
 t - an amulet of the acrobat (around neck)
Scrolls
 f - a scroll of magic mapping {unknown}
 g - 3 scrolls of fear {unknown}
 i - a scroll of teleportation {unknown}
 j - 2 scrolls of immolation {unknown}
 l - 2 scrolls of identify {unknown}
 q - 2 scrolls of amnesia {unknown}
Potions
 h - a potion of cancellation {unknown}
 k - a potion of mutation {unknown}
 m - a potion of brilliance
 n - a potion of flight {unknown}
 s - a potion of heal wounds {unknown}
 u - a potion of lignification {unknown}


   Skills:
 + Level 3.2 Fighting
 + Level 3.5(3.6) Short Blades
 - Level 0.6(1.5) Long Blades
 - Level 2.1 Throwing
 + Level 2.7 Dodging
 + Level 6.1 Stealth


You had 4 spell levels left.
You didn't know any spells.
Your spell library contained the following spells:

 Spells                   Type           Power      Damage    Failure   Level
 Yara's Violent Unravell  Hex/Tmut       0%         3d3       100%        5
 Enfeeble                 Hex            0%         N/A       100%        7


Dungeon Overview and Level Annotations

Branches:
Dungeon (3/15)

Altars:
Hepliaklqana
Kikubaaqudgha
Xom

Shops:
D:2 (


Innate Abilities, Weirdness & Mutations

You are small and have problems with some larger weapons.
You are completely attuned to the shadows.


Message History

HP restored.
There is a stone staircase leading down here.
You climb downwards.
There is a stone staircase leading up here.
The orc priest mumbles some strange prayers to Beogh against you.
Beogh smites you!
There is a stone staircase leading up here.
You climb upwards.
There is a stone staircase leading down here.
You start resting.
HP restored.
You climb downwards.
The orc priest calls down the wrath of Beogh upon you.
You barely resist.
There is a stone staircase leading up here.
You hit the orc priest but do no damage.
The orc priest calls down the wrath of Beogh upon you.
Beogh smites you!
Ouch! That really hurt!
You hit the orc priest.
The orc priest is lightly wounded.
The orc priest looks encouraged for a moment.
You hit the orc priest.
The orc priest is lightly wounded.
You barely miss the orc priest.
The orc priest is lightly wounded.
The orc priest completely misses you.
You hit the orc priest.
The orc priest is moderately wounded.
The orc priest calls down the wrath of Beogh upon you.
Beogh smites you!
* * * LOW HITPOINT WARNING * * *
It was a potion of brilliance.
You feel clever all of a sudden. The orc priest hits you with a +0 mace.
* * * LOW HITPOINT WARNING * * *
It was a potion of might.
You feel very mighty all of a sudden. The orc priest hits you with a +0 mace.
You die...

.....#...#
_.#._#...#
####...#
......)#
.......#
.......#
.......#
...)...####.#
####@o.......
########.#


You could see an orc priest.

Vanquished Creatures
  A gnoll (D:1)
  3 adders (D:2)
  A worm (D:2)
  4 dart slugs
  7 orcs
  2 endoplasms (D:1)
  A goblin (D:1)
  3 hobgoblins
  3 jackals (D:2)
  2 kobolds
  6 ball pythons
  4 bats
  3 frilled lizards
  3 rats (D:1)
43 creatures vanquished.

Notes
Turn   | Place    | Note
-------+----------+-------------------------------------------
     0 | D:1      | cforsyth the Kobold Brigand began the quest for the Orb.
     0 | D:1      | Reached XP level 1. HP: 12/12 MP: 1/1
   104 | D:1      | Reached XP level 2. HP: 18/18 MP: 2/2
   235 | D:1      | Reached XP level 3. HP: 22/22 MP: 3/3
   368 | D:1      | Found a faded altar of an unknown god.
   899 | D:2      | Reached XP level 4. HP: 18/27 MP: 4/4
  1301 | D:2      | Reached skill level 6 in Stealth
  1348 | D:2      | Found Titsat's Antique Weapon Shop.
  1832 | D:3      | Found an ancient bone altar of Kikubaaqudgha.
  1835 | D:3      | Found a shimmering altar of Xom.
  1836 | D:3      | Found a hazy altar of Hepliaklqana.
  2144 | D:2      | Reached XP level 5. HP: 14/32 MP: 5/5
  2276 | D:3      | Slain by an orc priest

Illustrated notes

Levels and vault maps discovered:
D:1:      ncdulo_smallfort, layout_basic, basic_ecumenical_altar
D:2:      layout_basic, serial_shops,
          nicolae_shop_temple_entry_statues_fountains
D:3:      layout_basic, mainiacjoe_overflow_alcove_3,
          pdpol_wu_jian_five_deadly_venoms, serial_shops,
          nicolae_shop_hallway_stairs

Skill      XL: |  1  2  3  4 |
---------------+-------------+-----
Dodging        | 2 |  2.7
Short Blades   | 3 |  3.5
Fighting       | 3 |  3.2
Stealth        | 6 |  6.1
Long Blades    | |  0.6
Throwing       | |  2.1

Action                     |  1- 3 |  4- 6 || total
---------------------------+-------+-------++-------
  Melee: Dagger            |    45 |    51 ||    96
         Punch             |       |     1 ||     1
    Use: Potion            |       |     2 ||     2
   Stab: Sleeping          |    19 |     8 ||    27
 Armour: Robe              |     9 |     4 ||    13
  Dodge: Dodged            |    21 |    30 ||    51

Table legend: (Time is in decaauts)
 A = Elapsed time spent in this place.
 B = Non-inter-level travel time spent in this place.
 C = Inter-level travel time spent in this place.
 D = Time resting spent in this place.
 E = Time spent auto-exploring this place.
 F = Levels seen in this place.
 G = Mean time per level.
                   A        B        C        D        E       F      G
               +--------+--------+--------+--------+--------+-----+--------+
         Total |   2263 |   2229 |     34 |    322 |   1573 |   3 |  754.3 |
       Dungeon |   2263 |   2229 |     34 |    322 |   1573 |   3 |  754.3 |
               +--------+--------+--------+--------+--------+-----+--------+

Top non-repeatable levels by time:
     D:2: 1445 daAuts
     D:1: 732 daAuts
     D:3: 85 daAuts
